 Dungeon Crawl Stone Soup version 0.24.1-8-ga250c9d538 (webtiles) character file.

Game seed: 5874602981440690047, levelgen mode: deterministic

1712 Gabide the Spear-Bearer (level 9, -5/66 HPs)
             Began as a Human Fighter on May 1, 2020.
             Was an Initiate of Gozag.
             Slain by a two-headed ogre
             ... wielding a +0 giant club
              (21 damage)
             ... on level 8 of the Dungeon.
             The game lasted 00:20:36 (7236 turns).

Gabide the Spear-Bearer (Human Fighter)             Turns: 7236, Time: 00:20:37

Health: -5/66      AC: 17    Str: 19    XL:     9   Next: 24%
Magic:  9/9        EV:  6    Int:  9    God:    Gozag
Gold:   342        SH:  0    Dex: 13    Spells: 8/8 levels left

rFire    + + .     SeeInvis .   d - +0 halberd
rCold    . . .     Gourm    +   (shield currently unavailable)
rNeg     + . .     Faith    .   o - +2 plate armour {rN+}
rPois    .         Spirit   .   (no helmet)
rElec    .         Reflect  .   t - +0 cloak (curse)
rCorr    .         Harm     .   (no gloves)
MR       .....                  w - +0 pair of boots
Stlth    ..........             l - amulet of the gourmand
HPRegen  0.21/turn              c - ring of protection from fire
MPRegen  0.11/turn              m - ring of protection from fire

@: no status effects
A: no striking features
a: Potion Petition, Call Merchant, Bribe Branch, Renounce Religion


You were on level 8 of the Dungeon.
You worshipped Gozag.
Gozag was aware of your devotion.
You were not hungry.

You visited 1 branch of the dungeon, and saw 8 of its levels.

You collected 476 gold pieces.
You paid 134 gold pieces to Gozag.

Inventory:

Hand Weapons
 d - a +0 halberd (weapon)
Missiles
 g - 9 boomerangs (quivered)
Armour
 b - a +1 scale mail
 o - a +2 plate armour of positive energy (worn)
 t - a cursed +0 cloak (worn)
 w - a +0 pair of boots (worn)
Magical Staves
 a - an uncursed staff of air
 q - an uncursed staff of fire {unknown}
Jewellery
 c - a ring of protection from fire (left hand)
 l - an amulet of the gourmand (around neck)
 m - a ring of protection from fire (right hand)
Wands
 h - a wand of random effects (19)
 u - a wand of flame (17)
Scrolls
 i - 2 scrolls of magic mapping
 j - a scroll of identify
 k - 2 scrolls of teleportation
 n - 2 scrolls of remove curse
Potions
 e - 2 potions of ambrosia
 p - a potion of heal wounds {unknown}
 r - a potion of brilliance {unknown}
 s - 2 potions of curing {unknown}
 v - a potion of cancellation {unknown}
 x - a potion of haste {unknown}
 z - a potion of flight {unknown}
Comestibles
 f - 15 rations


   Skills:
 + Level 4.6 Fighting
   Level 2.5 Maces & Flails
 * Level 8.3 Polearms
 * Level 6.7 Armour
 - Level 0.1 Dodging
   Level 3.4 Shields
 + Level 0.1 Evocations


You had 8 spell levels left.
You didn't know any spells.
Your spell library contained the following spells:

 Spells                   Type           Power        Failure   Level  Hunger
 Magic Dart               Conj           #...         100%        1    ##.....
 Blink                    Tloc           N/A          100%        2    ###....
 Call Imp                 Summ           #.......     100%        2    ###....
 Slow                     Hex            #.......     100%        2    ###....
 Conjure Flame            Conj/Fire      #.......     100%        3    ####...
 Mephitic Cloud           Conj/Pois/Air  #.......     100%        3    ####...


Dungeon Overview and Level Annotations

Branches:
Dungeon (8/15)             Temple (0/1) D:7
   Lair: D:8-11

Altars:
Ashenzari
Cheibriados
Gozag
Nemelex Xobeh
Ru
Vehumet
The Shining One

Annotations:
D:5 2 transporters, Atelerd's ghost, novice OpWz


Message History

You are too injured to fight recklessly!
You are too injured to fight recklessly!
You are too injured to fight recklessly!
You hit the two-headed ogre.
The two-headed ogre is heavily wounded.
The two-headed ogre barely misses you.
The two-headed ogre hits you but does no damage.
You slash the two-headed ogre!
The two-headed ogre is severely wounded.
You puncture the two-headed ogre!
The two-headed ogre is almost dead.
The two-headed ogre hits you with a +0 giant club.
The two-headed ogre hits you with a +0 great mace!
* * * LOW HITPOINT WARNING * * *
You barely miss the two-headed ogre.
The two-headed ogre is almost dead.
The two-headed ogre hits you but does no damage.
The two-headed ogre hits you with a +0 great mace!!
You die...
Your body crumbles into a pile of gold. $ # #?###### #.O@<..# ######.# #

You could see a two-headed ogre.

Vanquished Creatures
  A hippogriff (D:7)
  A water moccasin (D:7)
  An orc warrior (D:5)
  2 centaurs
  2 bullfrogs (D:6)
  2 scorpions
  3 wights (D:6)
  A howler monkey (D:5)
  2 crimson imps (D:5)
  3 bullfrog skeletons
  2 jellies (D:6)
  2 hounds
  4 orc wizards
  2 iguanas (D:5)
  3 worker ants
  A hound skeleton (D:6)
  A howler monkey skeleton (D:7)
  4 gnolls (D:2)
  2 river rats (D:5)
  4 adders
  4 oozes
  An adder skeleton (D:6)
  3 worms
  A dart slug (D:2)
  4 leopard geckos
  24 orcs
  10 bats
  5 giant cockroaches
  14 goblins
  4 hobgoblins
  14 jackals
  3 quokkas
  2 ball pythons (D:3)
  3 frilled lizards
  A jackal zombie (D:5)
  12 kobolds
  12 rats
160 creatures vanquished.

Notes
Turn   | Place    | Note
-------+----------+-------------------------------------------
     0 | D:1      | Gabide the Human Fighter began the quest for the Orb.
     0 | D:1      | Reached XP level 1. HP: 18/18 MP: 1/1
    39 | D:1      | Reached XP level 2. HP: 24/24 MP: 2/2
   510 | D:1      | Reached XP level 3. HP: 26/29 MP: 3/3
   986 | D:2      | Found a glowing golden altar of the Shining One.
   994 | D:2      | Reached skill level 1 in Polearms
  1080 | D:2      | Reached XP level 4. HP: 35/35 MP: 4/4
  1317 | D:2      | Found a snail-covered altar of Cheibriados.
  1515 | D:2      | Reached XP level 5. HP: 33/41 MP: 5/5
  1941 | D:3      | Reached skill level 2 in Polearms
  2471 | D:3      | Reached skill level 3 in Polearms
  2677 | D:3      | Reached XP level 6. HP: 37/47 MP: 6/6
  3677 | D:5      | Entered Level 5 of the Dungeon
  3783 | D:5      | Found a sacrificial altar of Ru.
  3808 | D:5      | Reached skill level 4 in Polearms
  3822 | D:5      | Noticed an orc warrior
  3946 | D:5      | Killed an orc warrior
  3946 | D:5      | Reached XP level 7. HP: 24/53 MP: 7/7
  4150 | D:5      | Reached skill level 5 in Polearms
  4164 | D:5      | Reached skill level 5 in Armour
  4476 | D:5      | Noticed Atelerd's ghost (novice OpWz)
  4488 | D:5      | Found a transporter.
  4559 | D:5      | Found a transporter.
  4973 | D:6      | Reached XP level 8. HP: 60/60 MP: 8/8
  5009 | D:6      | HP: 3/60 [centaur/arrow (9)]
  5012 | D:6      | Found a sacrificial altar of Ru.
  5305 | D:6      | Became a worshipper of Ru the Awakened
  5366 | D:6      | Reached skill level 6 in Polearms
  5544 | D:6      | Reached skill level 7 in Polearms
  6265 | D:7      | Reached XP level 9. HP: 24/66 MP: 9/9
  6426 | D:7      | Found an opulent altar of Gozag.
  6426 | D:7      | Found a sparkling altar of Nemelex Xobeh.
  6433 | D:7      | Fell from the grace of Ru
  6433 | D:7      | Became a worshipper of Gozag Ym Sagoz the Greedy
  6537 | D:7      | Noticed a hippogriff
  6552 | D:7      | Killed a hippogriff
  6552 | D:7      | Reached skill level 8 in Polearms
  6734 | D:7      | Found a shattered altar of Ashenzari.
  6797 | D:7      | Found a radiant altar of Vehumet.
  7070 | D:7      | Found a staircase to the Ecumenical Temple.
  7224 | D:8      | Noticed a two-headed ogre
  7236 | D:8      | Slain by a two-headed ogre

Levels and vault maps discovered:
D:1:      dpeg_arrival_tiny_b, layout_loops_cross, minmay_tromino_v2
D:2:      layout_loops_cross, kennysheep_slug_shrine, lemuel_round_altar,
          hangedman_decor_push
D:3:      layout_basic, first_ration, serial_rivers,
          chequers_serial_rivers_small_a, chequers_serial_rivers_large_b,
          chequers_serial_rivers_small_3, chequers_serial_rivers_room_b,
          chequers_serial_rivers_micro_a, corexii_hall_statues_u, wad_orctagon
D:4:      layout_loops_ring
D:5:      minmay_angry_zag, layout_loops_ring, lemuel_round_altar,
          gup_sewer_entry_bubbles, gammafunk_ghost_stat_death
D:6:      layout_gridville, nicolae_ru_awakened_eye
D:7:      layout_loops_cross, grunt_temple_overflow_opulence,
          lemuel_doored_altar, lemuel_coloured_pillars_altar,
          minmay_temple_entry_statues_pillars
D:8:      layout_loops_ring, kennysheep_little_box, marbit_many_paths,
          due_lair_maze_entry_diamond

Skill      XL: |  1  2  3  4  5  6  7  8  9 |
---------------+----------------------------+-----
Polearms       | 1 3 4 5 7 8 |  8.3
Armour         | 4 5 6 |  6.7
Fighting       | 4 |  4.6
Maces & Flails | |  2.5
Dodging        | |  0.1
Shields        | |  3.4
Evocations     | |  0.1

Action                   |  1- 3 |  4- 6 |  7- 9 || total
-------------------------+-------+-------+-------++-------
Melee: Flail             |    73 |       |       ||    73
       Spear             |    38 |    13 |       ||    51
       Halberd           |       |   271 |   341 ||   612
Throw: Boomerang         |    11 |     1 |    13 ||    25
Evoke: Wand              |       |     2 |       ||     2
  Use: Scroll            |     3 |    12 |     6 ||    21
       Potion            |       |     2 |       ||     2
 Stab: Distracted        |       |     1 |     1 ||     2
  Eat: Chunk             |     1 |    15 |     7 ||    23
       Ration            |       |     1 |       ||     1
Armor: Scale mail        |    53 |    96 |       ||   149
       Plate armour      |       |   102 |   299 ||   401
Dodge: Dodged            |    23 |   133 |   114 ||   270
Block: Shield            |    46 |     6 |       ||    52
